[Event "Late-Titled-Tuesday-Blitz-July-09-2024"]
[Site "Chess.com"]
[Date "2024.07.09"]
[Round "7"]
[White "WildTricks"]
[Black "Richardmaster"]
[Result "1-0"]
[WhiteElo "2708"]
[BlackElo "2522"]
[TimeControl "180+1"]
[EndTime "15:15:52 PDT"]
[Termination "WildTricks won on time"]

1. d4 Nf6 2. c4 c5 3. d5 e6 4. Nc3 exd5 5. cxd5 d6 6. e4 g6 7. h3 Bg7 8. Nf3 O-O 9. Bd3 a6 10. a4 Re8 11. O-O Nh5 12. Bg5 Bf6 13. Bh6 Nd7 14. Be2 Bg7 15. Bg5 Bf6 16. Bh6 Ng7 17. Ra3 Rb8 18.
Kh1 Ne5 19. Nd2 g5 20. f4 gxf4 21. Bxf4 Bg5 22. Bxe5 Rxe5 23. Nc4 Re8 24. Bh5 Bf6 25. e5 dxe5 26. Ne4 Bf5 27. Ncd6 Bxe4 28. Nxe4 Bg5 29.
Bxf7+ Kh8 30. Bxe8 Nxe8 31. Rf8+ Kg7 32. Rxe8 Qxe8 33.
Nxg5 e4 34. Ne6+ Kh8 35. Qe1 Qe7 36. Qc3+ Kg8 37. Qg3+ Kh8 38. Qxb8+ 1-0

[Event "Late-Titled-Tuesday-Blitz-July-09-2024"]
[Site "Chess.com"]
[Date "2024.07.09"]
[Round "7"]
[White "AlejandroArias"]
[Black "PNEPaul"]
[Result "1-0"]
[WhiteElo "2325"]
[BlackElo "1898"]
[TimeControl "180+1"]
[EndTime "15:15:53 PDT"]
[Termination "AlejandroArias won on time"]

1. e4 e5 2. Nf3 Nc6 3. Bb5 f5 4. d3 Nf6 5. Nc3 Be7 6. Bxc6 dxc6 7. Nxe5 O-O 8. Be3 Bd6 9. Nc4 Ng4 10. Nxd6 cxd6 11.
Qe2 Nxe3 12. Qxe3 fxe4 13. dxe4 Qf6 14. f3 Be6 15. O-O-O Rad8 16. Qxa7 Ra8 17. Qd4 Qf4+ 18. Kb1 Rfd8 19. b3 c5 20. Qd2 Qf6 21. g4 Qxf3 22. g5 Qh5 23. Rhg1 b5 24. Nd5 Bxd5 25. Qxd5+ Kh8 26. e5 c4 27. exd6 cxb3 28. axb3 Qe2 29. d7 Qe3 30. Qxa8 1-0

[Event "Late-Titled-Tuesday-Blitz-July-09-2024"]
[Site "Chess.com"]
[Date "2024.07.09"]
[Round "7"]
[White "schondeln"]
[Black "Bob_2004"]
[Result "1-0"]
[WhiteElo "2359"]
[BlackElo "2648"]
[TimeControl "180+1"]
[EndTime "15:15:56 PDT"]
[Termination "schondeln won by checkmate"]

1. e4 c5 2. Nf3 d6 3. Bc4 Nf6 4. d3 e6 5. O-O Be7 6. Bb3 O-O 7. Re1 Nc6 8. c3 d5 9. Nbd2 b5 10. Bc2 a5 11. Qe2 b4 12. Ba4 Bb7 13. h3 Rc8 14. Nf1 Ba6 15. e5 Nd7 16. Ng3 Nb6 17. Bxc6 Rxc6 18.
Bf4 Na4 19. Qd2 bxc3 20. bxc3 Rb6 21. Rab1 Qb8 22. Qc2 Nb2 23. Re3 c4 24. d4 Nd3 25.
Rxb6 Qxb6 26. Bg5 Bxg5 27. Nxg5 h6 28. Nf3 Rb8 29. Kh2 Qb1 30. Qe2 Rb2 31. Nd2 Qxa2 32. Ngf1 Rc2 33. Rg3 Rxc3 34. Qg4 g6 35. Qh4 Qa3 36.
Qxh6 Qf8 37. Qg5 a4 38. h4 Kh7 39. h5 Qh6 40. Qf6 Qxh5+ 41. Rh3 Qxh3+ 42. gxh3 a3 43. Qxf7+ Kh6 44. Qf8+ Kh7 45. Nf3 Nxf2 46. Ng5# 1-0

[Event "Late-Titled-Tuesday-Blitz-July-09-2024"]
[Site "Chess.com"]
[Date "2024.07.09"]
[Round "7"]
[White "MikeSailer"]
[Black "AlphaPerseii"]
[Result "0-1"]
[WhiteElo "2101"]
[BlackElo "2380"]
[TimeControl "180+1"]
[EndTime "15:15:56 PDT"]
[Termination "AlphaPerseii won by resignation"]

1. d4 Nf6 2. Nf3 d5 3. Bf4 c5 4. e3 Nc6 5. c3 Bg4 6. Nbd2 h6 7. h3 Bh5 8. Bd3 g5 9. Bh2 g4 10. hxg4 Bxg4 11. Qc2 e6 12. Ne5 Nxe5 13. Bxe5 c4 14. Bxf6 Qxf6 15. Qa4+ Kd8 16. Bxc4 dxc4 17. Nxc4 Kc7 18.
Qa5+ Kc8 19. Nb6+ axb6 20. Qxa8+ Kc7 21. Qa4 Bf5 22. O-O-O Be7 23. b3 Be4 24. f3 Bc6 25. Qc4 Qg5 26. Qe2 Ra8 27. a4 b5 28. axb5 Bxb5 29.
Qxb5 Qxb5 0-1

[Event "Late-Titled-Tuesday-Blitz-July-09-2024"]
[Site "Chess.com"]
[Date "2024.07.09"]
[Round "7"]
[White "Slovineanu"]
[Black "tusplingher"]
[Result "0-1"]
[WhiteElo "2527"]
[BlackElo "2682"]
[TimeControl "180+1"]
[EndTime "15:15:57 PDT"]
[Termination "tusplingher won on time"]

1. d4 Nf6 2. Nf3 c5 3. d5 b5 4. e4 Nxe4 5. Bd3 Nf6 6. Bxb5 g6 7. O-O Bg7 8. Re1 O-O 9. c4 d6 10. h3 Bd7 11. Nc3 Bxb5 12. cxb5 Nbd7 13. a4 a6 14.
bxa6 Rxa6 15. Qe2 Ra8 16. Qxe7 Qxe7 17. Rxe7 Nb6 18. a5 Nbxd5 19. Nxd5 Nxd5 20. Rd7 Ra6 21. Bg5 h6 22. Rd1 Nb4 23. Be7 Re8 24. Bxd6 Rxa5 25. b3 Nc2 26. Bf4 Rb5 27. R1d3 g5 28. Bd6 Nd4 29. Nxd4 Bxd4 30. Bg3 Ra5 31. Kh2 Ra2 32.
f3 Ree2 0-1

[Event "Late-Titled-Tuesday-Blitz-July-09-2024"]
[Site "Chess.com"]
[Date "2024.07.09"]
[Round "7"]
[White "Antek_Radzimski"]
[Black "szachmistrz2500"]
[Result "1-0"]
[WhiteElo "2564"]
[BlackElo "2416"]
[TimeControl "180+1"]
[EndTime "15:15:57 PDT"]
[Termination "Antek_Radzimski won by resignation"]

1. d4 Nf6 2. c4 g6 3. Nc3 Bg7 4.
e4 d6 5. Be2 c6 6. h4 h5 7. Bg5 Nbd7 8. Nf3 a6 9. a3 e5 10.
dxe5 dxe5 11. Qc2 Qc7 12. Rd1 Nc5 13. b4 Ne6 14. c5 Ng4 15. O-O Nd4 16. Nxd4 exd4 17.
Bxg4 Bxg4 18. Ne2 Bxe2 19. Qxe2 O-O 20. Qf3 Rfe8 21. Rfe1 a5 22. Bf4 Qe7 23. g3 axb4 24. axb4 Ra2 25. e5 Rd8 26. e6 fxe6 27. Bg5 Qf8 28.
Bf4 Qf7 29. Qb3 Rda8 30. Rxe6 R2a3 31. Qc4 Rc3 32. Qe2 d3 33. Qe4 Rd8 34. Rxg6 Re8 35. Rxg7+ Qxg7 36. Qxe8+ Kh7 37. Qxh5+ Kg8 38. Be5 1-0

[Event "Late-Titled-Tuesday-Blitz-July-09-2024"]
[Site "Chess.com"]
[Date "2024.07.09"]
[Round "7"]
[White "champ2005"]
[Black "MarcoRiehle"]
[Result "1-0"]
[WhiteElo "3050"]
[BlackElo "2859"]
[TimeControl "180+1"]
[EndTime "15:16:00 PDT"]
[Termination "champ2005 won by resignation"]

1. e4 e5 2. Nf3 Nf6 3. d3 Nc6 4. g3 Bc5 5. Bg2 d6 6. O-O h5 7. h3 h4 8. Nxh4 Rxh4 9. gxh4 Be6 10. c3 Qd7 11. Qf3 O-O-O 12. b4 Bb6 13. a4 a5 14. bxa5 Nxa5 15. Bg5 Rh8 16. Nd2 Nh5 17. Rfb1 f6 18. Be3 g5 19. d4 Nf4 20. d5 Bxh3 21. Bxf4 Bxg2 22. Kxg2 gxf4 23. Rh1 Kb8 24. h5 f5 25.
h6 fxe4 26. Nxe4 Nb3 27. Rag1 Qxa4 28. h7 Qc4 29. Rh3 Qxd5 30. Ng5 Qc4 31. Qe4 Qc5 32.
Qe2 Qd5+ 33. Kh2 Ka7 34. c4 Nd4 35. Ra1+ Ba5 36. cxd5 Nxe2 37. Rxa5+ Kb6 38. Ra2 Nd4 39. Nf7 Rxh7 40. Rxh7 Kc5 41. Ng5 Kxd5 42. Rxc7 e4 43. Rxb7 Ke5 44. Ra5+ d5 45. Rd7 Kf6 46. Rdxd5 Nf3+ 47.
Nxf3 exf3 48. Rf5+ 1-0

[Event "Late-Titled-Tuesday-Blitz-July-09-2024"]
[Site "Chess.com"]
[Date "2024.07.09"]
[Round "7"]
[White "Defenstrator"]
[Black "zsoltkorpics"]
[Result "1-0"]
[WhiteElo "2394"]
[BlackElo "2489"]
[TimeControl "180+1"]
[EndTime "15:16:00 PDT"]
[Termination "Defenstrator won by checkmate"]

1. d4 Nf6 2. Bf4 d5 3. c4 dxc4 4. Nc3 e6 5. e4 Bb4 6. f3 Nc6 7. Be3 b5 8. a4 bxa4 9. Qxa4 Bd7 10. Qc2 e5 11. Ne2 exd4 12. Nxd4 Ne5 13. Be2 c5 14. Nf5 Bxf5 15. exf5 Nd3+ 16. Kf1 O-O 17. Rd1 Qe7 18. Bxd3 cxd3 19. Qxd3 Rad8 20. Qe2 Bxc3 21. Rxd8 Rxd8 22. bxc3 Re8 23. Kf2 Nd5 24. Re1 Qxe3+ 25. Qxe3 Rxe3 26. Rxe3 Nxe3 27. Kxe3 a5 28. Kd3 Kf8 29. Kc4 a4 30. Kd3 Ke7 31. Kc2 Kd6 32. Kb2 Kd5 33. g4 Kc4 34. g5 a3+ 35. Kxa3 Kxc3 36. h4 Kd3 37. Kb2 Ke3 38. h5 Kf4 39. g6 fxg6 40. h6 gxh6 41. f6 Kxf3 42. f7 g5 43. f8=Q+ Kg4 44. Qxh6 Kf4 45. Qxh7 g4 46. Kc3 Kf3 47. Kd2 g3 48. Qf5+ Kg2 49. Ke2 Kh1 50. Qh3+ Kg1 51. Qxg3+ Kh1 52. Kf2 c4 53. Qg1# 1-0

[Event "Late-Titled-Tuesday-Blitz-July-09-2024"]
[Site "Chess.com"]
[Date "2024.07.09"]
[Round "7"]
[White "RodriQA"]
[Black "Zurability"]
[Result "0-1"]
[WhiteElo "2444"]
[BlackElo "2655"]
[TimeControl "180+1"]
[EndTime "15:16:01 PDT"]
[Termination "Zurability won by resignation"]

1. b4 c6 2. Nf3 d5 3. Bb2 a5 4. bxa5 Qxa5 5. e3 Nf6 6. c4 e6 7. a3 Be7 8. Nc3 O-O 9. Qc2 Rd8 10.
Be2 dxc4 11. Bxc4 b6 12. O-O Bb7 13. d4 Nbd7 14. Rfd1 Qh5 15. e4 Ra5 16. h3 Rda8 17. Qb3 Ba6 18. Nd2 Qg6 19. Qc2 Rg5 20. g3 Rxg3+ 21.
fxg3 Qxg3+ 22. Kf1 Qxh3+ 23. Ke2 Qg2+ 24. Ke1 Ng4 25. Nb3 Bh4+ 0-1

[Event "Late-Titled-Tuesday-Blitz-July-09-2024"]
[Site "Chess.com"]
[Date "2024.07.09"]
[Round "7"]
[White "IMVadim"]
[Black "Navyblue1"]
[Result "1-0"]
[WhiteElo "2424"]
[BlackElo "2125"]
[TimeControl "180+1"]
[EndTime "15:16:01 PDT"]
[Termination "IMVadim won by resignation"]

1. e4 c5 2. Nf3 d6 3. d4 cxd4 4. Qxd4 a6 5. h3 Nc6 6. Qe3 g6 7. Be2 Bg7 8. O-O Nf6 9. c4 O-O 10. Nc3 b6 11. Rb1 Bb7 12. b3 Rc8 13. Bb2 Nd7 14.
Rfd1 Re8 15. Ba1 a5 16. Rbc1 Nc5 17. Nd5 Bxa1 18. Rxa1 Nb4 19. Nxb4 axb4 20. Nd4 Bxe4 21. Qd2 Na6 22. Nb5 Qd7 23. Qd4 Qb7 24. f3 Bc6 25. h4 Nc7 26. Nxc7 Qxc7 27. Qd2 Bb7 28. Qxb4 Qc5+ 29. Qxc5 bxc5 30. a4 Ba6 31. a5 Rb8 32. Rdb1 Rb4 33. Bd1 Reb8 34. Rc1 Kg7 35. Bc2 Kf6 36.
Re1 e6 37. Rad1 Ke7 38. h5 Bc8 39. Kf2 Ra8 40. Ra1 Ra6 41. f4 Kf6 42. g4 h6 43.
hxg6 fxg6 44. Rh1 Kg7 45. g5 h5 46. Rhe1 Kf7 47. Re2 Bd7 48. Rd1 Bc8 49. Red2 Rxa5 50.
Rxd6 Ra2 51. R1d2 Rb8 52. Bxg6+ Kxg6 53. Rxa2 Kf5 54. Rd8 Kxf4 55. g6 Kf5 56. g7 Kf6 57. g8=Q 1-0

[Event "Late-Titled-Tuesday-Blitz-July-09-2024"]
[Site "Chess.com"]
[Date "2024.07.09"]
[Round "7"]
[White "Hikaru"]
[Black "Arysya"]
[Result "1-0"]
[WhiteElo "3217"]
[BlackElo "2918"]
[TimeControl "180+1"]
[EndTime "15:16:04 PDT"]
[Termination "Hikaru won on time"]

1. Nf3 d5 2. e3 Nf6 3. c4 e6 4.
Nc3 Be7 5. cxd5 exd5 6. g3 O-O 7.
d4 b6 8. Bg2 Bb7 9. O-O Nbd7 10. b3 Re8 11. Bb2 Bf8 12. Rc1 a6 13. Ne1 Rc8 14.
Nd3 Bd6 15. Nf4 c6 16. Qc2 Nf8 17. Rfd1 Ng6 18. Nd3 Qe7 19. Ne1 Red8 20. Nf3 Re8 21. Nd2 c5 22. dxc5 bxc5 23. Nf3 Red8 24. Qb1 Ne5 25. Nh4 Qe6 26. Ne2 Bf8 27. Nf4 Qd6 28. Nf3 Ng6 29. Ng5 Qe7 30. Qf5 h6 31. Bxf6 Qxf6 32. Qxf6 gxf6 33. Ngh3 Ne7 34. Nh5 Bg7 35. N3f4 f5 36. Nd3 c4 37. Ndf4 cxb3 38. axb3 Be5 39. Rxc8 Rxc8 40. Nxd5 Bxd5 41. Bxd5 Kf8 42. Bb7 Rb8 43.
Bxa6 Nc6 44. Bc4 Na5 45. Rd5 Nxc4 46. bxc4 1-0

[Event "Late-Titled-Tuesday-Blitz-July-09-2024"]
[Site "Chess.com"]
[Date "2024.07.09"]
[Round "7"]
[White "Payyappat"]
[Black "leotobares"]
[Result "1-0"]
[WhiteElo "2418"]
[BlackElo "2295"]
[TimeControl "180+1"]
[EndTime "15:16:04 PDT"]
[Termination "Payyappat won by checkmate"]

1. e4 c5 2. Nf3 d6 3. d4 cxd4 4. Nxd4 Nf6 5. Nc3 g6 6. f4 Nc6 7.
Be2 Bg7 8. Be3 O-O 9. Qd3 Bd7 10. O-O Rc8 11. Bf3 e5 12. Ndb5 exf4 13. Bxf4 Ne5 14.
Qxd6 Nxf3+ 15. Rxf3 Bxb5 16. Nxb5 Rxc2 17. e5 Nh5 18. Rd1 Qa5 19. Nd4 Rxb2 20. e6 Nxf4 21. Rxf4 Qxa2 22. e7 Bxd4+ 23. Kh1 Re8 24. Qd7 Rxe7 25.
Qxe7 Rxg2 26. Qd8+ Kg7 27. Qxd4+ Kh6 28. Rh4+ Kg5 29. Qf4# 1-0

[Event "Late-Titled-Tuesday-Blitz-July-09-2024"]
[Site "Chess.com"]
[Date "2024.07.09"]
[Round "7"]
[White "pirulillo"]
[Black "Arystanner"]
[Result "0-1"]
[WhiteElo "2449"]
[BlackElo "2883"]
[TimeControl "180+1"]
[EndTime "15:16:06 PDT"]
[Termination "Arystanner won on time"]

1. e4 c5 2. Nf3 Nc6 3. b4 cxb4 4.
d4 d5 5. exd5 Qxd5 6. c4 bxc3 7.
Nxc3 Qa5 8. d5 Qxc3+ 9. Bd2 Qf6 10. dxc6 bxc6 11. Be2 e5 12. Bc3 Bd6 13. Qa4 Ne7 14.
O-O O-O 15. Rac1 Nd5 16. Qxc6 Nxc3 17. Rxc3 Bg4 18. Rd1 Rad8 19. Rcd3 e4 20. Qxe4 Bf5 21. Qd4 Bxd3 22. Qxf6 gxf6 23. Bxd3 Bc5 24. Kf1 Rfe8 25. Bc2 Rxd1+ 26. Bxd1 f5 27. Bc2 f4 28. g4 f6 29. Nd2 Kg7 30. Ne4 Bb6 31. f3 Rc8 32. Bb3 Rc1+ 33. Kg2 Rg1+ 34. Kh3 h6 35. Nd6 Rf1 36.
Bd5 Be3 37. Nf5+ Kg6 38. Be4 Kg5 39. Kg2 Rf2+ 40. Kh1 Rxa2 41. h4+ Kg6 42. Nxe3+ Kf7 43. Nd5 a5 44. Nxf4 Ra1+ 45. Kg2 a4 46. Bd5+ Ke7 47. Nd3 Rd1 48. Bc4 a3 49. Nf4 Rd4 50. Ng6+ Kd6 51. Bb3 Kc5 52. Kg3 Kb4 53. Bg8 Rc4 54. Bxc4 Kxc4 55.
Nf4 a2 0-1

[Event "Late-Titled-Tuesday-Blitz-July-09-2024"]
[Site "Chess.com"]
[Date "2024.07.09"]
[Round "7"]
[White "HaryKane"]
[Black "c63_amg"]
[Result "1-0"]
[WhiteElo "2601"]
[BlackElo "2768"]
[TimeControl "180+1"]
[EndTime "15:16:07 PDT"]
[Termination "HaryKane won by resignation"]

1. d4 Nf6 2. c4 e6 3. Nc3 Bb4 4. Nf3 O-O 5. e3 b6 6. Bd3 Bb7 7. O-O Bxc3 8. bxc3 Ne4 9. Nd2 f5 10. Qc2 Qh4 11. f3 Ng5 12. Ba3 d6 13. c5 dxc5 14.
dxc5 Rf6 15. Rf2 Rh6 16. Nf1 Nd7 17. Rd1 Ne5 18. Be2 Rg6 19. Ng3 Rh6 20. Nf1 Rg6 21. Ng3 Nc4 22. Rd4 Nxa3 23. Qa4 Qh6 24. c6 Bxc6 25.
Qxc6 Rf8 26. Qxc7 Nf7 27. f4 e5 28. Nxf5 exd4 29. Nxh6+ Nxh6 30. cxd4 Nf5 31. Qc3 Nb1 32. Qb3+ Kh8 33. Qxb1 Nxe3 34. Qe4 Nf5 35. Bd3 Rgf6 36.
Re2 g6 37. Qe5 Kg7 38. Bc4 Kh6 39. g4 1-0

[Event "Late-Titled-Tuesday-Blitz-July-09-2024"]
[Site "Chess.com"]
[Date "2024.07.09"]
[Round "7"]
[White "David_George21"]
[Black "UB_TheQueen"]
[Result "1-0"]
[WhiteElo "2484"]
[BlackElo "2113"]
[TimeControl "180+1"]
[EndTime "15:16:08 PDT"]
[Termination "David_George21 won by resignation"]

1. e4 c5 2. c3 g6 3. d4 cxd4 4. Qxd4 Nf6 5. e5 Nc6 6. Qf4 Nd5 7. Qe4 e6 8. Nf3 Bg7 9. Bc4 Nb6 10. Bb3 O-O 11.
Bg5 Qc7 12. Bf6 d5 13. Qh4 Nd7 14. Nbd2 Ndxe5 15. Nxe5 Nxe5 16. O-O Nd3 17. Bxg7 Kxg7 18. Qd4+ Ne5 19. f4 f6 20. fxe5 fxe5 21. Qe3 Bd7 22. Nf3 e4 23. Qd4+ Kg8 24. Ne5 Bb5 25. c4 Ba6 26.
Rxf8+ Rxf8 27. cxd5 Rf5 28. d6 Qd8 29. Bxe6+ Kg7 30.
Bxf5 gxf5 31. Nc6+ Qf6 32. Qxf6+ Kxf6 33. d7 bxc6 34. d8=Q+ Ke5 35. Qe7+ Kf4 36. g3+ Kg4 37. Qg7+ Kf3 38. Re1 e3 39. Qh6 1-0

[Event "Late-Titled-Tuesday-Blitz-July-09-2024"]
[Site "Chess.com"]
[Date "2024.07.09"]
[Round "7"]
[White "mbojan"]
[Black "scandalgod"]
[Result "1-0"]
[WhiteElo "2924"]
[BlackElo "2666"]
[TimeControl "180+1"]
[EndTime "15:16:09 PDT"]
[Termination "mbojan won by resignation"]

1. d4 d5 2. Nf3 Nf6 3. c3 c6 4.
Bg5 Ne4 5. Bh4 Bf5 6. Nbd2 Nd7 7.
e3 Ndf6 8. Ne5 e6 9. Bd3 Be7 10. Nxe4 Nxe4 11. Bxe7 Qxe7 12. O-O O-O 13. Qe2 Nd6 14.
Rae1 f6 15. Bxf5 exf5 16. Nd3 Rfe8 17. b3 Qf7 18. Qc2 Re7 19. Rc1 Rae8 20. c4 g6 21. cxd5 Qxd5 22. Qc5 Qxc5 23. Rxc5 Ne4 24. Rc2 Kg7 25.
Rfc1 h5 26. a4 g5 27. b4 Nd6 28. Kf1 a6 29. g3 Re4 30. Nc5 R4e7 31. Nd3 Re4 32.
Rc5 Kg6 33. Ke2 Rxd4 34. f3 f4 35. gxf4 gxf4 36. e4 Nxe4 37. fxe4 Rexe4+ 38. Kd2 Re3 39. R1c3 Rde4 40. Nxf4+ 1-0

[Event "Late-Titled-Tuesday-Blitz-July-09-2024"]
[Site "Chess.com"]
[Date "2024.07.09"]
[Round "7"]
[White "Byniolus"]
[Black "mamey78"]
[Result "0-1"]
[WhiteElo "2797"]
[BlackElo "2627"]
[TimeControl "180+1"]
[EndTime "15:16:10 PDT"]
[Termination "mamey78 won on time"]

1. d4 d5 2. Nf3 Nf6 3. Bf4 g6 4. e3 Bg7 5. Nbd2 c5 6. c3 Nc6 7. Be2 O-O 8. O-O b6 9. h3 Bb7 10. Bh2 Nd7 11. Nb3 e5 12. Rc1 exd4 13. exd4 c4 14.
Nbd2 Re8 15. Re1 b5 16. a3 a5 17. Nf1 b4 18. Bf4 Nf6 19. Ne3 Ne4 20. Nd2 Qd7 21. Bf3 f5 22. Nxe4 fxe4 23. Bg4 Qf7 24. Qa4 Qxf4 25.
Nxd5 Qf7 26. Nb6 Rad8 27. Be2 Kh8 28. Bxc4 Qf4 29. Bb5 Rd6 30. d5 Rf8 31. Bxc6 Qxf2+ 32. Kh1 Bxc6 33. dxc6 Rd2 34. Rg1 Qg3 35. Nd7 Rff2 0-1

[Event "Late-Titled-Tuesday-Blitz-July-09-2024"]
[Site "Chess.com"]
[Date "2024.07.09"]
[Round "7"]
[White "anderson2361"]
[Black "AsaHoffmann"]
[Result "1-0"]
[WhiteElo "2299"]
[BlackElo "2386"]
[TimeControl "180+1"]
[EndTime "15:16:11 PDT"]
[Termination "anderson2361 won by checkmate"]

1. c4 Nf6 2. Nf3 d6 3. Nc3 e5 4. e4 c6 5. d4 Qc7 6. g3 Bg4 7. Bg2 Nbd7 8. O-O Be7 9. Be3 O-O 10. h3 Bh5 11. Qd3 Rfe8 12. g4 Bg6 13. Nh4 Bxe4 14.
Nxe4 Nxe4 15. Bxe4 Bxh4 16. Bxh7+ Kh8 17. Bf5 g6 18.
Be4 exd4 19. Bxd4+ Bf6 20. Qc3 Qd8 21. Bg2 Bxd4 22.
Qxd4+ Qf6 23. Rfd1 Qxd4 24. Rxd4 Re6 25. Rad1 Nc5 26.
Rxd6 Rae8 27. b4 Na4 28. b5 Nb2 29. Rxe6 Rxe6 30. Rd7 Nxc4 31. Rxf7 cxb5 32. Rxb7 a6 33.
Bd5 Re1+ 34. Kg2 Ne5 35. Rb6 Rd1 36. Be4 Rd2 37. Rxa6 g5 38. Kg3 Rd4 39. f3 Kg7 40. h4 gxh4+ 41. Kxh4 Nc4 42. Kg5 Nd2 43. Ra7+ Kf8 44.
Bc6 b4 45. f4 Rc4 46. Bd7 Rd4 47. Be6 Ne4+ 48. Kg6 Ke8 49. f5 Nd6 50. g5 Nb5 51. Ra8+ Ke7 52. Bb3 Nd6 53. f6+ Kd7 54. Ra7+ Kc6 55. f7 Rf4 56. Kg7 Rf5 57. f8=Q Rxg5+ 58. Kh6 Rf5 59. Qa8+ Kc5 60. Ra5+ Kd4 61. Rxf5 Nxf5+ 62. Kg5 Ne3 63. Qd8+ Kc3 64. Qc7+ Kb2 65. Qe5+ Ka3 66. Qxe3 Kb2 67. Qd2+ Ka3 68. Qc1# 1-0

[Event "Late-Titled-Tuesday-Blitz-July-09-2024"]
[Site "Chess.com"]
[Date "2024.07.09"]
[Round "7"]
[White "ural58"]
[Black "Alexander_Khlebovich"]
[Result "0-1"]
[WhiteElo "2468"]
[BlackElo "2784"]
[TimeControl "180+1"]
[EndTime "15:16:13 PDT"]
[Termination "Alexander_Khlebovich won by resignation"]

1. e4 c5 2. b3 g6 3. Bb2 Nf6 4. e5 Nd5 5. Nc3 Nxc3 6. Bxc3 Bg7 7. h4 Nc6 8. f4 d6 9. Bb5 dxe5 10. fxe5 Qd5 11. Qf3 Be6 12. O-O-O O-O-O 13. Bxc6 bxc6 14. Re1 c4 15. Qf2 Kb7 16. Nf3 h6 17. Rhf1 Rhf8 18. Qg3 a5 19. Qf4 a4 20. bxc4 Qxc4 21. Qxc4 Bxc4 22.
d3 Bxa2 23. Re4 Ra8 24. Rb4+ Kc7 25. Nd2 Bd5 26. Bd4 Bxg2 27. Rf2 Bd5 28. c4 Be6 29. Kb2 a3+ 30. Ka2 Rfb8 31. Rxb8 Rxb8 32. Kxa3 Rd8 33. Nb3 c5 34. Bxc5 Rxd3 35. Kb4 Bxe5 36. Bxe7 Bc3+ 37. Kb5 Be1 38. Rf1 Rxb3+ 39. Ka4 Rb1 0-1

[Event "Late-Titled-Tuesday-Blitz-July-09-2024"]
[Site "Chess.com"]
[Date "2024.07.09"]
[Round "7"]
[White "Fjal"]
[Black "LUISMIGUELOV"]
[Result "1-0"]
[WhiteElo "2403"]
[BlackElo "2210"]
[TimeControl "180+1"]
[EndTime "15:16:15 PDT"]
[Termination "Fjal won on time"]

1. Nf3 d5 2. g3 c6 3. Bg2 Bg4 4. O-O h5 5. h3 Bxf3 6. exf3 Nf6 7. f4 e6 8. d4 g6 9. Re1 Bg7 10. a4 O-O 11. a5 a6 12. b3 Nbd7 13. Ba3 Re8 14. Qd2 Rc8 15. c4 Bf8 16. Bxf8 Nxf8 17. Nc3 Re7 18. Bf3 Rd7 19. c5 N8h7 20. g4 hxg4 21.
hxg4 Ne8 22. Kg2 Ng7 23. Ne2 Qf6 24. Ng3 Rcc7 25. Re5 Kf8 26. Qd3 Ke8 27. Rh1 Nf8 28.
Rh8 Rc8 29. Qf1 Rcc7 30. Qh1 Rd8 31. Rg8 Ke7 32. g5 Qxf4 33. Qh8 Nh5 34. Nxh5 gxh5 35.
Bxh5 Rcc8 36. Qh6 Ng6 37. Rg7 Rg8 38. Bxg6 Rxg7 39. Qxg7 Qg4+ 40. Kf1 Rf8 41. Qf6+ Ke8 42. Rxe6+ 1-0

[Event "Late-Titled-Tuesday-Blitz-July-09-2024"]
[Site "Chess.com"]
[Date "2024.07.09"]
[Round "7"]
[White "swayamsm"]
[Black "K_A_S_T_O_R"]
[Result "0-1"]
[WhiteElo "2628"]
[BlackElo "2841"]
[TimeControl "180+1"]
[EndTime "15:16:16 PDT"]
[Termination "K_A_S_T_O_R won by resignation"]

1. d4 Nf6 2. c4 e6 3. Nc3 Bb4 4. e3 O-O 5. Ne2 Re8 6. a3 Bf8 7. Ng3 d5 8. Bd3 b6 9. O-O Bb7 10. cxd5 exd5 11. b4 a6 12. Qc2 Nbd7 13. Bd2 c5 14.
bxc5 bxc5 15. dxc5 Nxc5 16. Nf5 g6 17. Nd4 Rc8 18. Rab1 Qc7 19. a4 Bd6 20. h3 Qe7 21.
Rfc1 Nfe4 22. Nxe4 dxe4 23. Bf1 Nd3 24. Bxd3 Rxc2 25.
Bxc2 Rc8 26. Bb3 Rxc1+ 27. Rxc1 Qe5 28. g3 h5 29. Bc4 h4 30. Ne2 hxg3 31. Nxg3 Qg5 32.
Kg2 Kf8 33. Be2 Qd5 34. Bc3 Ke7 35. h4 Qa2 36. Bd1 Bxg3 37. Kxg3 Qa3 38. Rb1 Qxc3 39.
Rxb7+ Kf8 40. Bb3 f5 41. h5 Qe5+ 42. Kh4 Qf6+ 43. Kh3 gxh5 44. a5 Qg5 45. Rf7+ Ke8 46. Ra7 f4 47. Bf7+ Kf8 48. Be6 fxe3 49. fxe3 Qxe3+ 50. Kh4 Qxa7 0-1

[Event "Late-Titled-Tuesday-Blitz-July-09-2024"]
[Site "Chess.com"]
[Date "2024.07.09"]
[Round "7"]
[White "PhileKhoob"]
[Black "protectiago"]
[Result "1-0"]
[WhiteElo "2381"]
[BlackElo "2165"]
[TimeControl "180+1"]
[EndTime "15:16:16 PDT"]
[Termination "PhileKhoob won on time"]

1. Nf3 c5 2. c4 Nc6 3. d4 cxd4 4.
Nxd4 g6 5. g3 Bg7 6. Nc2 Nf6 7.
Bg2 O-O 8. Nc3 d6 9. O-O Be6 10. b3 Qd7 11. Bb2 Bh3 12. Qd2 Bxg2 13. Kxg2 Rac8 14.
Rac1 Rfd8 15. Rfd1 a6 16. Ne3 Ne5 17. Ncd5 Nxd5 18. Nxd5 Qe8 19. f4 Nc6 20. e4 b5 21.
Bxg7 Kxg7 22. Qb2+ Kg8 23. h4 bxc4 24. Rxc4 Na5 25.
Rxc8 Rxc8 26. Rc1 Rxc1 27. Qxc1 Nc6 28. Qc3 f6 29. Qxc6 1-0

[Event "Late-Titled-Tuesday-Blitz-July-09-2024"]
[Site "Chess.com"]
[Date "2024.07.09"]
[Round "7"]
[White "VladimirKramnik"]
[Black "GoltsevDmitry2000"]
[Result "1-0"]
[WhiteElo "2975"]
[BlackElo "2781"]
[TimeControl "180+1"]
[EndTime "15:16:17 PDT"]
[Termination "VladimirKramnik won by checkmate"]

1. c4 Nf6 2. Nc3 e5 3. Nf3 Nc6 4. g3 Bb4 5. Nd5 Bc5 6. Bg2 O-O 7. O-O d6 8. d3 Nxd5 9. cxd5 Nd4 10. e3 Nxf3+ 11.
Qxf3 Bd7 12. Bd2 f5 13. b4 Bb6 14. a4 a5 15. b5 Qe7 16. Bc3 Rae8 17. Rfe1 e4 18.
Qd1 Qg5 19. Qd2 exd3 20. Qxd3 Re7 21. Qd2 Rfe8 22. Kh1 Qg4 23. Bxa5 Bxa5 24. Qxa5 f4 25.
exf4 Bf5 26. h3 Qh5 27. Rxe7 Rxe7 28. Re1 Rxe1+ 29. Qxe1 Bxh3 30. Bxh3 Qxh3+ 31. Kg1 Kf7 32. a5 Qh5 33. Qe6+ Kf8 34. Qc8+ Kf7 35. Qxc7+ Kf8 36.
Qxd6+ Kf7 37. Qe6+ Kf8 38. Qc8+ Kf7 39. Qxb7+ Kf8 40.
Qc8+ Kf7 41. Qe6+ Kf8 42. b6 Qd1+ 43. Kg2 g5 44. b7 Qb1 45. Qf6+ Kg8 46. Qxg5+ Kf7 47.
Qh5+ Kg7 48. Qe5+ Kh6 49. Qg5# 1-0

[Event "Late-Titled-Tuesday-Blitz-July-09-2024"]
[Site "Chess.com"]
[Date "2024.07.09"]
[Round "7"]
[White "SimplyDevina"]
[Black "vova-79"]
[Result "1-0"]
[WhiteElo "2384"]
[BlackElo "2473"]
[TimeControl "180+1"]
[EndTime "15:16:21 PDT"]
[Termination "SimplyDevina won by resignation"]

1. d4 d5 2. c4 c6 3. Nc3 Nf6 4. cxd5 Nxd5 5. e4 Nb6 6. Nf3 g6 7. Be2 Bg7 8. Be3 O-O 9. h3 Be6 10. O-O Bc4 11. Bxc4 Nxc4 12. Qe2 Nxe3 13. Qxe3 Nd7 14.
Rfd1 Nb6 15. Rac1 Rc8 16. b3 Qd6 17. e5 Qa3 18. Nd2 Rcd8 19. Nc4 Qa6 20. Nxb6 axb6 21. d5 Qa5 22. Qe4 cxd5 23. Nxd5 e6 24. Ne7+ Kh8 25.
Qxb7 Rxd1+ 26. Rxd1 Qxa2 27. Qxb6 Bxe5 28. Nc6 Bf6 29.
Qc5 Kg7 30. b4 Qe2 31. Rc1 Rc8 32. b5 Qe4 33. Qc4 Qd5 34. Qxd5 exd5 35. b6 d4 36. b7 1-0

[Event "Late-Titled-Tuesday-Blitz-July-09-2024"]
[Site "Chess.com"]
[Date "2024.07.09"]
[Round "7"]
[White "Burgsvik"]
[Black "ArchibaldCerveza29"]
[Result "0-1"]
[WhiteElo "2268"]
[BlackElo "2405"]
[TimeControl "180+1"]
[EndTime "15:16:21 PDT"]
[Termination "ArchibaldCerveza29 won by resignation"]

1. e4 e5 2. Nf3 Nf6 3. d4 Nxe4 4. dxe5 d5 5. Bd3 Nc5 6. O-O Be7 7. Re1 Nxd3 8. cxd3 Be6 9. Nbd2 Nc6 10. Nb3 O-O 11. Nbd4 Nxd4 12. Nxd4 c5 13. Nxe6 fxe6 14. Qg4 Qd7 15. Bh6 Rf7 16. Rac1 Raf8 17. f3 Kh8 18. Bd2 Rf5 19. a3 b6 20. b4 Qb5 21. d4 c4 22. Bc3 Qe8 23. Qh3 Rh5 24. Qg4 Rg5 25.
Qh3 Qg6 26. Re2 Rf4 27. Bd2 Rxd4 28. Bxg5 Bxg5 29. Rf1 Rh4 30. Qg3 Qh6 31. h3 Rd4 32. f4 Bxf4 33. Qf3 g5 34. g3 Rd3 35. gxf4 Rxf3 36. Rxf3 gxf4 37. Ref2 Qg5+ 38. Kh1 c3 39.
Rxc3 Qxe5 40. Rcf3 Qe4 41. Kh2 e5 42. Rc3 Qe1 43. Rc8+ Kg7 44. Rg2+ Kf6 45. Rf8+ Ke6 46. Re8+ Kf5 47. Rg7 d4 48. Rf7+ Ke4 49. Rfe7 Qg3+ 50. Kh1 d3 51. Rxe5+ Kf3 0-1